TOP OF THE 1ST |
California State University at Fullerton Titans batting - Pitching for University of Virginia Cavaliers : RHP Fita Muzorewa
|
Pitching: RHP Fita Muzorewa
|
|
Batting: LHB Jim Snell
|
0-0: Ball 1-0: Bunt for hit to 13 - play at first, batter safe!
|
Batting: RHB Zach Warwick
|
0-0: Called Strike Jim Snell steals 2nd base 0-1: Foul Ball, location: 2F 0-2: Foul Ball, location: 2F 0-2: Fly out, F4 (Popup, 13, EV 91.2 MPH)
|
Batting: LHB Alberto Aguilar
|
0-0: Called Strike 0-1: Foul Ball, location: 2F 0-2: Foul Ball, location: 2F 0-2: Ball 1-2: Ball 2-2: Ground out 5-3 (Groundball, 56D, EV 103.8 MPH)
|
Batting: RHB Simon Sultzbach
|
0-0: Called Strike 0-1: Ball 1-1: Ground out U3 (Groundball, 13, EV 88.1 MPH)
|
Top of the 1st over - 0 runs, 1 hit, 0 errors, 1 left on base; California State University at Fullerton 0 - University of Virginia 0 |
BOTTOM OF THE 1ST |
University of Virginia Cavaliers batting - Pitching for California State University at Fullerton Titans : RHP Henry Gallegos
|
Pitching: RHP Henry Gallegos
|
|
Batting: RHB Scott Anderson
|
0-0: Ball 1-0: Ball 2-0: Called Strike 2-1: Called Strike 2-2: Ball 3-2: Foul Ball, location: 2F 3-2: Base on Balls
|
Batting: RHB Luke Bertrand
|
0-0: Foul Ball, location: 2F 0-1: Ball 1-1: Ball 2-1: Called Strike 2-2: Ball 3-2: Foul Ball, location: 2F 3-2: Strikes out swinging
|
Batting: LHB Josh Glass
|
0-0: Called Strike Scott Anderson steals 2nd base 0-1: Called Strike 0-2: Foul Ball, location: 2F 0-2: Foul Ball, location: 2F 0-2: Ball 1-2: Fly out, F7 (Line Drive, 7D, EV 106.9 MPH)
|
Batting: RHB Jose Velez
|
0-0: Called Strike 0-1: Foul Ball, location: 2F 0-2: Foul Ball, location: 2F 0-2: Ball 1-2: Strikes out swinging
|
Bottom of the 1st over - 0 runs, 0 hits, 0 errors, 1 left on base; California State University at Fullerton 0 - University of Virginia 0 |
TOP OF THE 2ND |
California State University at Fullerton Titans batting - Pitching for University of Virginia Cavaliers : RHP Fita Muzorewa
|
Batting: SHB Jonathan Jacob
|
0-0: Foul Ball, location: 2F 0-1: Fly out, F8 (Flyball, 8RD, EV 95.0 MPH)
|
Batting: LHB Mike Fernandez
|
0-0: Ball 1-0: Ground out 3-1 (Groundball, 34, EV 83.1 MPH)
|
Batting: LHB Efrain Gonzalez
|
0-0: Ball 1-0: Called Strike 1-1: Foul Ball, location: 2F 1-2: Ball 2-2: Ball 3-2: Base on Balls
|
Batting: RHB Sergio Cervantes
|
0-0: Called Strike 0-1: Swinging Strike 0-2: Foul Ball, location: 2F 0-2: Strikes out looking
|
Top of the 2nd over - 0 runs, 0 hits, 0 errors, 1 left on base; California State University at Fullerton 0 - University of Virginia 0 |
BOTTOM OF THE 2ND |
University of Virginia Cavaliers batting - Pitching for California State University at Fullerton Titans : RHP Henry Gallegos
|
Batting: RHB Pedro Lopez
|
0-0: Swinging Strike 0-1: Called Strike 0-2: Strikes out looking
|
Batting: RHB Jason Thresher
|
0-0: Ball 1-0: Foul Ball, location: 2F 1-1: Called Strike 1-2: Strikes out swinging
|
Batting: RHB Jason Lambert
|
0-0: Ball 1-0: Ball 2-0: Called Strike 2-1: Ball 3-1: Called Strike 3-2: Fly out, F8 (Flyball, 78D, EV 86.2 MPH)
|
Bottom of the 2nd over - 0 runs, 0 hits, 0 errors, 0 left on base; California State University at Fullerton 0 - University of Virginia 0 |
TOP OF THE 3RD |
California State University at Fullerton Titans batting - Pitching for University of Virginia Cavaliers : RHP Fita Muzorewa
|
Batting: RHB Jamie Blankenship
|
0-0: Ball 1-0: Ground out 4-3 (Groundball, 4, EV 89.4 MPH)
|
Batting: LHB Jim Snell
|
0-0: Called Strike 0-1: Fly out, F8 (Flyball, 8RM, EV 94.4 MPH)
|
Batting: RHB Zach Warwick
|
0-0: Ground out 4-3 (Groundball, 4, EV 77.5 MPH)
|
Top of the 3rd over - 0 runs, 0 hits, 0 errors, 0 left on base; California State University at Fullerton 0 - University of Virginia 0 |
BOTTOM OF THE 3RD |
University of Virginia Cavaliers batting - Pitching for California State University at Fullerton Titans : RHP Henry Gallegos
|
Batting: RHB Nick Cech
|
0-0: Ground out 1-3 (Groundball, 13S, EV 62.5 MPH)
|
Batting: LHB Edelberto Barbas
|
0-0: Called Strike 0-1: Swinging Strike 0-2: Ball 1-2: Ball 2-2: Ball 3-2: Foul Ball, location: 2F 3-2: Strikes out swinging
|
Batting: RHB Scott Anderson
|
0-0: Ball 1-0: Foul Ball, location: 2F 1-1: Fly out, F7 (Line Drive, 7S, EV 86.9 MPH)
|
Bottom of the 3rd over - 0 runs, 0 hits, 0 errors, 0 left on base; California State University at Fullerton 0 - University of Virginia 0 |
TOP OF THE 4TH |
California State University at Fullerton Titans batting - Pitching for University of Virginia Cavaliers : RHP Fita Muzorewa
|
Batting: LHB Alberto Aguilar
|
0-0: Ball 1-0: Foul Ball, location: 2F 1-1: Called Strike 1-2: Ball 2-2: Ground out 6-3 (Groundball, 6, EV 105.0 MPH)
|
Batting: RHB Simon Sultzbach
|
0-0: Ball 1-0: Called Strike 1-1: Foul Ball, location: 2F 1-2: Foul Ball, location: 2F 1-2: Ground out U3 (Groundball, 3, EV 84.4 MPH)
|
Batting: SHB Jonathan Jacob
|
0-0: Ground out 4-3 (Groundball, 4M, EV 105.6 MPH)
|
Top of the 4th over - 0 runs, 0 hits, 0 errors, 0 left on base; California State University at Fullerton 0 - University of Virginia 0 |
BOTTOM OF THE 4TH |
University of Virginia Cavaliers batting - Pitching for California State University at Fullerton Titans : RHP Henry Gallegos
|
Batting: RHB Luke Bertrand
|
0-0: Ball 1-0: Called Strike 1-1: Ground out 4-3 (Groundball, 4, EV 103.1 MPH)
|
Batting: LHB Josh Glass
|
0-0: SOLO HOME RUN (Flyball, 9LD, EV 93.8 MPH), Distance : 336 ft
|
Batting: RHB Jose Velez
|
0-0: Foul Ball, location: 2F 0-1: Swinging Strike 0-2: Foul Ball, location: 2F 0-2: Ball 1-2: Strikes out swinging
|
Batting: RHB Pedro Lopez
|
0-0: Ball 1-0: Foul Ball, location: 2F 1-1: Foul Ball, location: 2F 1-2: Ball 2-2: Fly out, F9 (Flyball, 89S, EV 91.9 MPH)
|
Bottom of the 4th over - 1 run, 1 hit, 0 errors, 0 left on base; California State University at Fullerton 0 - University of Virginia 1 |
TOP OF THE 5TH |
California State University at Fullerton Titans batting - Pitching for University of Virginia Cavaliers : RHP Fita Muzorewa
|
Batting: LHB Mike Fernandez
|
0-0: Ground out U3 (Groundball, 3, EV 75.6 MPH)
|
Batting: LHB Efrain Gonzalez
|
0-0: Ball 1-0: Swinging Strike 1-1: Called Strike 1-2: Fly out, F8 (Flyball, 8RD, EV 93.1 MPH)
|
Batting: RHB Sergio Cervantes
|
0-0: Ball 1-0: Called Strike 1-1: Foul Ball, location: 2F 1-2: Strikes out swinging
|
Top of the 5th over - 0 runs, 0 hits, 0 errors, 0 left on base; California State University at Fullerton 0 - University of Virginia 1 |
BOTTOM OF THE 5TH |
University of Virginia Cavaliers batting - Pitching for California State University at Fullerton Titans : RHP Henry Gallegos
|
Batting: RHB Jason Thresher
|
0-0: Called Strike 0-1: Ball 1-1: Called Strike 1-2: Strikes out swinging
|
Batting: RHB Jason Lambert
|
0-0: Foul Ball, location: 2F 0-1: Fly out, F7 (Flyball, 7S, EV 79.4 MPH)
|
Batting: RHB Nick Cech
|
0-0: Ball 1-0: Ball 2-0: Foul Ball, location: 2F 2-1: Foul Ball, location: 2F 2-2: Foul Ball, location: 2F 2-2: Foul Ball, location: 2F 2-2: Foul Ball, location: 2F 2-2: Strikes out swinging
|
Bottom of the 5th over - 0 runs, 0 hits, 0 errors, 0 left on base; California State University at Fullerton 0 - University of Virginia 1 |
TOP OF THE 6TH |
California State University at Fullerton Titans batting - Pitching for University of Virginia Cavaliers : RHP Fita Muzorewa
|
Batting: RHB Jamie Blankenship
|
0-0: Fly out, F9 (Line Drive, 9S, EV 103.1 MPH)
|
Batting: LHB Jim Snell
|
0-0: Called Strike 0-1: Called Strike 0-2: Ball 1-2: Strikes out looking
|
Batting: RHB Zach Warwick
|
0-0: Ball 1-0: Foul Ball, location: 2F 1-1: Ball 2-1: Foul Ball, location: 2F 2-2: Fly out, F4 (Line Drive, 4, EV 75.0 MPH)
|
Top of the 6th over - 0 runs, 0 hits, 0 errors, 0 left on base; California State University at Fullerton 0 - University of Virginia 1 |
BOTTOM OF THE 6TH |
University of Virginia Cavaliers batting - Pitching for California State University at Fullerton Titans : RHP Henry Gallegos
|
Pitching: RHP Arturo Ruiz
|
|
Batting: LHB Edelberto Barbas
|
0-0: Reached on error, E3 (Groundball, 13, EV 78.8 MPH)
|
Batting: RHB Scott Anderson
|
0-0: Ball 1-0: Ball Edelberto Barbas is caught stealing 2nd base 2-4 2-0: Ground out 6-3 (Groundball, 6M, EV 86.2 MPH)
|
Batting: RHB Luke Bertrand
|
0-0: Ground out 5-3 (Groundball, 56, EV 108.1 MPH)
|
Bottom of the 6th over - 0 runs, 0 hits, 1 error, 0 left on base; California State University at Fullerton 0 - University of Virginia 1 |
TOP OF THE 7TH |
California State University at Fullerton Titans batting - Pitching for University of Virginia Cavaliers : RHP Fita Muzorewa
|
Pinch Hitting: RHB Joe McKinzie
|
0-0: Called Strike 0-1: Ball 1-1: Foul Ball, location: 2F 1-2: Ball 2-2: Foul Ball, location: 2F 2-2: Fly out, F8 (Flyball, 8LXD, EV 101.9 MPH)
|
Batting: LHB B.J. Ferguson
|
0-0: Called Strike 0-1: Ball 1-1: Ball 2-1: Foul Ball, location: 2F 2-2: Foul Ball, location: 2F 2-2: Ball 3-2: Foul Ball, location: 2F 3-2: Base on Balls
|
Pitching: RHP Andy Cruz
|
|
Batting: SHB Jonathan Jacob
|
|
Pinch Hitting: RHB Justin Thomas
|
0-0: Ball 1-0: Ball B.J. Ferguson is caught stealing 2nd base 2-4 2-0: Foul Ball, location: 2F 2-1: Foul Ball, location: 2F 2-2: DOUBLE (Line Drive, 78XD, EV 105.6 MPH)
|
Batting: LHB Mike Fernandez
|
0-0: Swinging Strike 0-1: Ball 1-1: Foul Ball, location: 2F 1-2: Strikes out swinging wild pitch, reaches first! Justin Thomas to third
|
Pinch Hitting: LHB John Blumberg
|
0-0: Called Strike 0-1: Ball 1-1: Ground out 4-3 (Groundball, 4, EV 84.4 MPH)
|
Top of the 7th over - 0 runs, 1 hit, 0 errors, 2 left on base; California State University at Fullerton 0 - University of Virginia 1 |
BOTTOM OF THE 7TH |
University of Virginia Cavaliers batting - Pitching for California State University at Fullerton Titans : RHP Arturo Ruiz
|
Now at 1B: John Blumberg
|
|
Now at 2B: Felipe Lara
|
|
Now in LF: Jamie Blankenship
|
|
Now in RF: Joe McKinzie
|
|
Batting: LHB Josh Glass
|
0-0: Called Strike 0-1: Foul Ball, location: 2F 0-2: Ball 1-2: Foul Ball, location: 2F 1-2: Ground out U3 (Groundball, 3S, EV 78.1 MPH)
|
Batting: RHB Jose Velez
|
0-0: Called Strike 0-1: Ball 1-1: Foul Ball, location: 2F 1-2: Strikes out swinging
|
Batting: RHB Pedro Lopez
|
0-0: Swinging Strike 0-1: Ball 1-1: Fly out, F9 (Flyball, 89M, EV 86.9 MPH)
|
Bottom of the 7th over - 0 runs, 0 hits, 0 errors, 0 left on base; California State University at Fullerton 0 - University of Virginia 1 |
TOP OF THE 8TH |
California State University at Fullerton Titans batting - Pitching for University of Virginia Cavaliers : RHP Andy Cruz
|
Pitching: LHP Juan Quiroz
|
|
Pinch Hitting: RHB Alex Freyre
|
0-0: Called Strike 0-1: Ball 1-1: Ball 2-1: Foul Ball, location: 2F 2-2: Strikes out looking
|
Pinch Hitting: LHB Jeremy May
|
0-0: Ground out 4-3 (Groundball, 4, EV 85.6 MPH)
|
Pinch Hitting: RHB Alex Rivas
|
0-0: Ball 1-0: SINGLE (Line Drive, 6D, EV 101.9 MPH)
|
Pinch Hitting: LHB Steve Lane
|
0-0: Called Strike 0-1: Called Strike 0-2: Ball 1-2: Strikes out looking
|
Top of the 8th over - 0 runs, 1 hit, 0 errors, 1 left on base; California State University at Fullerton 0 - University of Virginia 1 |
BOTTOM OF THE 8TH |
University of Virginia Cavaliers batting - Pitching for California State University at Fullerton Titans : RHP Arturo Ruiz
|
Now at C: Jim Cahan
|
|
Now at SS: Jeremy Evans
|
|
Now in LF: Joe McKinzie
|
|
Now in CF: Alex Freyre
|
|
Now in RF: Steve Lane
|
|
Batting: RHB Jason Thresher
|
0-0: Called Strike 0-1: Ball 1-1: Swinging Strike 1-2: SINGLE (Groundball, 25, EV 72.5 MPH) (infield hit)
|
Pinch Hitting: LHB Ray Nichter
|
0-0: Ball 1-0: Ball 2-0: Bunt - Flyout to 5S! F5
|
Pinch Hitting: RHB Leo Baxter
|
0-0: Ball 1-0: Called Strike 1-1: Foul Ball, location: 2F 1-2: Ball 2-2: Strikes out looking
|
Batting: LHB Edelberto Barbas
|
0-0: Called Strike 0-1: SINGLE (Groundball, 4M, EV 99.4 MPH) Jason Thresher to second
|
Batting: RHB Rob Coble
|
0-0: Swinging Strike 0-1: Ball 1-1: Foul Ball, location: 2F 1-2: Foul Ball, location: 2F 1-2: Foul Ball, location: 2F 1-2: Foul Ball, location: 2F 1-2: Foul Ball, location: 2F 1-2: Ball 2-2: Ball 3-2: Ground out U3 (Groundball, 34S, EV 86.9 MPH)
|
Bottom of the 8th over - 0 runs, 2 hits, 0 errors, 2 left on base; California State University at Fullerton 0 - University of Virginia 1 |
TOP OF THE 9TH |
California State University at Fullerton Titans batting - Pitching for University of Virginia Cavaliers : LHP Juan Quiroz
|
Now at 1B: Alex Aguilar
|
|
Now at 3B: Allen McCaskill
|
|
Batting: RHB Joe McKinzie
|
0-0: Called Strike 0-1: Swinging Strike 0-2: Ball 1-2: Ball 2-2: Fly out, F9 (Flyball, 89S, EV 83.1 MPH)
|
Batting: LHB B.J. Ferguson
|
0-0: Ball 1-0: Foul Ball, location: 2F 1-1: Fly out, F6 (Popup, 6, EV 71.2 MPH)
|
Pinch Hitting: RHB Nick Pothier
|
0-0: Swinging Strike 0-1: Foul Ball, location: 2F 0-2: Ball 1-2: Ball 2-2: Foul Ball, location: 2F 2-2: Foul Ball, location: 2F 2-2: Foul Ball, location: 2F 2-2: Ball 3-2: Foul Ball, location: 2F 3-2: SINGLE (Groundball, 6, EV 100.0 MPH)
|
Pinch Hitting: LHB Mike Lauritsen
|
0-0: Called Strike 0-1: Ball 1-1: Swinging Strike 1-2: Ball 2-2: Ball 3-2: Foul Ball, location: 2F 3-2: Strikes out swinging
|
Top of the 9th over - 0 runs, 1 hit, 0 errors, 1 left on base; California State University at Fullerton 0 - University of Virginia 1 |
|